 Dungeon Crawl Stone Soup version 0.27-a0-828-g8289197e94 (webtiles) character file.

Game seed: 13830730891047762962

42 polve the Changer (level 3, -5/28 HPs)
             Began as a Draconian Transmuter on Mar 30, 2021.
             Slain by a gnoll
             ... wielding a +0 flail
              (13 damage)
             ... on level 2 of the Dungeon.
             The game lasted 00:01:13 (965 turns).

polve the Changer (Draconian Transmuter)             Turns: 965, Time: 00:01:14

Health: -5/28      AC:  5    Str: 12    XL:     3   Next: 35%
Magic:  6/6        EV: 12    Int: 14    God:
Gold:   42         SH:  0    Dex: 11    Spells: 5/6 levels left

rFire    . . .     SeeInvis .     - Unarmed
rCold    . . .     Faith    .   (no shield)
rNeg     . . .     Spirit   .   (armour unavailable)
rPois    .         Reflect  .   (helmet restricted)
rElec    .         Harm     .   (no cloak)
rCorr    .         Rampage  .   (no gloves)
Will     .....                  (no boots)
Stlth    +.........             (no amulet)
HPRegen  0.09/turn              (no ring)
MPRegen  0.10/turn              (no ring)

@: no status effects
A: AC +5, unfitting armour, cold-blooded
a: no special abilities


You were on level 2 of the Dungeon.
You visited 1 branch of the dungeon, and saw 2 of its levels.

You collected 42 gold pieces.

Inventory:

Armour
 a - a +1 pair of gloves
Potions
 b - a potion of heal wounds {unknown}


   Skills:
 - Level 1.1 Fighting
 - Level 1.7 Dodging
 - Level 3.0 Unarmed Combat
 - Level 2.0 Spellcasting
 + Level 3.8 Transmutations


You had 5 spell levels left.
You knew the following spells:

 Your Spells              Type           Power      Damage    Failure   Level
a - Beastly Appendage     Tmut           24%        N/A       4%          1

Your spell library contained the following spells:

 Spells                   Type           Power      Damage    Failure   Level
 Wereblood                Tmut           12%        N/A       8%          2
 Spider Form              Tmut/Pois      3%         N/A       32%         3
 Ice Form                 Ice/Tmut       6%         N/A       71%         4
 Hydra Form               Tmut           6%         N/A       80%         5


Dungeon Overview and Level Annotations

Branches:
Dungeon (1/15)

Altars:
Okawaru

Annotations:
D:2 1 runed translucent door, Crazy Yiuf


Innate Abilities, Weirdness & Mutations

Your plain brown scales are hard. (AC +5)
You cannot fit into any form of body armour.
You are cold-blooded and may be slowed by cold attacks.


Message History

Your transformation is almost over.
The gnoll barely misses you.
You hit the gnoll but do no damage. You tail-slap the gnoll.
The gnoll is severely wounded.
A gnoll comes into view. It is wielding a +0 flail.
The gnoll closely misses you.
The gnoll shouts!
You hit the gnoll.
The gnoll is almost dead.
The gnoll hits you but does no damage.
You closely miss the gnoll.
The gnoll is almost dead.
The gnoll hits you with a +0 flail.
You barely miss the gnoll. Your kick misses the gnoll.
Your headbutt misses the gnoll.
Your tail-slap misses the gnoll.
The gnoll is almost dead.
The gnoll barely misses you.
You closely miss the gnoll.
The gnoll is almost dead.
The gnoll barely misses you.
You hit the gnoll.
You kill the gnoll!
You hit the gnoll.
Your tail-slap misses the gnoll.
The gnoll is moderately wounded.
The gnoll hits you with a +0 flail.
You hit the gnoll.
The gnoll is heavily wounded.
The gnoll hits you with a +0 flail!
* * * LOW HITPOINT WARNING * * *
You hit the gnoll. You claw the gnoll, but do no damage.
The gnoll is severely wounded.
The gnoll barely misses you.
You completely miss the gnoll.
The gnoll is severely wounded.
The gnoll hits you but does no damage.
You hit the gnoll but do no damage. Your headbutt misses the gnoll.
The gnoll is severely wounded.
Your horns disappear.
Your talons disappear.
The gnoll hits you with a +0 flail!
You die...

#############
#...........# #
#.####.##.#.# ###
####.# #.##.#.# #..
..##.####..#.#.# #.#
...............# #.#
..##.###.......####.###
#.##.# ##.......@g....#
..##.#
#......####.#.###.#
..##.. ......###
#.......#
..########.###
###.###### .## #+#
#...(..# .# #..###.# .#
#..# .## <...# ..####
.....#


You could see a gnoll.

Vanquished Creatures
  3 gnolls (D:2)
  A giant cockroach (D:2)
  A hobgoblin (D:2)
  4 jackals (D:2)
  A kobold (D:2)
  A quokka (D:2)
  A ball python (D:2)
  A bat (D:2)
13 creatures vanquished.

Notes
Turn   | Place    | Note
-------+----------+-------------------------------------------
     0 | D:1      | polve the Draconian Transmuter began the quest for the Orb.
     0 | D:1      | Reached XP level 1. HP: 16/16 MP: 3/3
     7 | D:1      | You fall into a shaft and drop 1 floor!
    45 | D:2      | Found a runed translucent door.
    46 | D:2      | Noticed Crazy Yiuf
   497 | D:2      | Found an iron altar of Okawaru.
   543 | D:2      | Reached XP level 2. HP: 20/23 MP: 3/5
   814 | D:2      | Reached XP level 3. HP: 22/28 MP: 6/6
   965 | D:2      | Slain by a gnoll

Illustrated notes

Levels and vault maps discovered:
D:1:      eino_arrival_tree_alley, layout_basic
D:2:      layout_loops_corners, okawaru_ov_weapons_minmay,
          uniq_crazy_yiuf_cottage

Skill      XL: |  1  2 |
---------------+-------+-----
Transmutations | 3 |  3.8
Fighting       | |  1.1
Dodging        | |  1.7
Unarmed Combat | |  3.0
Spellcasting   | |  2.0

Action                   || total
-------------------------++-------
Melee: Unarmed           ||    57
       Tailslap          ||     9
       Headbutt          ||     3
       Kick              ||     6
 Cast: Beastly Appendage ||     3
Armor: Skin              ||    19
Dodge: Dodged            ||    38

Table legend: (Time is in decaauts)
 A = Elapsed time spent in this place.
 B = Non-inter-level travel time spent in this place.
 C = Inter-level travel time spent in this place.
 D = Time resting spent in this place.
 E = Time spent auto-exploring this place.
 F = Levels seen in this place.
 G = Mean time per level.
                   A        B        C        D        E       F      G
               +--------+--------+--------+--------+--------+-----+--------+
         Total |    962 |    962 |      0 |      0 |    846 |   2 |  481.0 |
       Dungeon |    962 |    962 |      0 |      0 |    846 |   2 |  481.0 |
               +--------+--------+--------+--------+--------+-----+--------+

Top non-repeatable levels by time:
     D:2: 955 daAuts
     D:1: 7 daAuts
